Workbook

Sheet Lote 1
A1: LOTE 1
A2: Típo de envío | B2: CORREOS 2026 | C2: Descuento ofertado en % | D2: Precio resultante sin IVA | E2: Envíos anuales 01042025 - 31032026 | F2: Envíos anuales 01012025 - 31122026 | G2: Envíos licitación 2021 | H2: Factor precio
A3: CARTAS ORDINARIAS
A4: Local
A5: Hasta 20g. Normalizada | B5: 0.96 | C5: 0.7167 | D5: =B5-(B5*C5) -> 0.272 | E5: 667217 | F5: 670746 | G5: ='Lote 1 2021'!B5 -> 706343 | H5: 1
A6: Hasta 50g. | B6: 1.15 | C6: 0.6419 | D6: =B6-(B6*C6) -> 0.4118 | E6: 4194 | F6: 4312 | G6: ='Lote 1 2021'!B6 -> 3985 | H6: 1
A7: Hasta 100g. | B7: 1.75 | C7: 0.6474 | D7: =B7-(B7*C7) -> 0.6171 | F7: 6 | G7: ='Lote 1 2021'!B7 -> 39 | H7: 1
A8: Hasta 500g. | B8: 3.7 | C8: 0.5636 | D8: =B8-(B8*C8) -> 1.6147 | F8: 8 | G8: ='Lote 1 2021'!B8 -> 34 | H8: 1
A9: Hasta 1kg. | B9: 6.9 | C9: 0.5186 | D9: =B9-(B9*C9) -> 3.3217 | E9: 9 | G9: ='Lote 1 2021'!B9 -> 1 | H9: 1
A10: Hasta 2Kg. | B10: 7.45 | C10: 0.4844 | D10: =B10-(B10*C10) -> 3.8412 | G10: ='Lote 1 2021'!B10 -> 1 | H10: 1
A12: Interurbano 1
A13: Hasta 20g. Normalizada | B13: 0.96 | C13: 0.6221 | D13: =B13-(B13*C13) -> 0.3628 | E13: 333496 | F13: 331931 | G13: ='Lote 1 2021'!B13 -> 345815 | H13: 1
A14: Hasta 50g. | B14: 1.15 | C14: 0.5454 | D14: =B14-(B14*C14) -> 0.5228 | E14: 2395 | F14: 2400 | G14: ='Lote 1 2021'!B14 -> 2391 | H14: 1
A15: Hasta 100g. | B15: 1.75 | C15: 0.5327 | D15: =B15-(B15*C15) -> 0.8178 | G15: ='Lote 1 2021'!B15 -> 21 | H15: 1
A16: Hasta 500g. | B16: 3.7 | C16: 0.4358 | D16: =B16-(B16*C16) -> 2.0875 | G16: ='Lote 1 2021'!B16 -> 14 | H16: 1
A17: Hasta 1kg. | B17: 6.9 | C17: 0.3816 | D17: =B17-(B17*C17) -> 4.267 | G17: ='Lote 1 2021'!B17 -> 1 | H17: 1
A18: Hasta 2Kg. | B18: 7.45 | C18: 0.3368 | D18: =B18-(B18*C18) -> 4.9408 | G18: ='Lote 1 2021'!B18 -> 1 | H18: 1
A20: Interurbano 2
A21: Hasta 20g. Normalizada | B21: 0.96 | C21: 0.5907 | D21: =B21-(B21*C21) -> 0.3929 | E21: 1188323 | F21: 1211315 | G21: ='Lote 1 2021'!B21 -> 1195839 | H21: 1
A22: Hasta 50g. | B22: 1.15 | C22: 0.504 | D22: =B22-(B22*C22) -> 0.5704 | E22: 8079 | F22: 8199 | G22: ='Lote 1 2021'!B22 -> 7881 | H22: 1
A23: Hasta 100g. | B23: 1.75 | C23: 0.4886 | D23: =B23-(B23*C23) -> 0.895 | E23: 10 | F23: 10 | G23: ='Lote 1 2021'!B23 -> 90 | H23: 1
A24: Hasta 500g. | B24: 3.7 | C24: 0.3697 | D24: =B24-(B24*C24) -> 2.3321 | E24: 9 | F24: 10 | G24: ='Lote 1 2021'!B24 -> 34 | H24: 1
A25: Hasta 1kg. | B25: 6.9 | C25: 0.3131 | D25: =B25-(B25*C25) -> 4.7396 | G25: ='Lote 1 2021'!B25 -> 4 | H25: 1
A26: Hasta 2Kg. | B26: 7.45 | C26: 0.266 | D26: =B26-(B26*C26) -> 5.4683 | G26: ='Lote 1 2021'!B26 -> 1 | H26: 1
A29: INTERNACIONALES
A31: ZONA 1 - Europa incluido Groenlandia
A32: Hasta 20g. Normalizada | B32: 2 | C32: 0 | D32: 2 | E32: 8 | H32: 1
A33: Hasta 50g. | B33: 2.3 | C33: 0 | D33: 2.3 | H33: 1
A34: Hasta 100g. | B34: 3.1 | C34: 0 | D34: 3.1 | E34: 6 | H34: 1
A35: Hasta 500g. | B35: 7.4 | C35: 0 | D35: 7.4 | E35: 1 | H35: 1
A36: Hasta 1kg. | B36: 14 | C36: 0 | D36: 14 | H36: 1
A37: Hasta 2Kg. | B37: 22.1 | C37: 0 | D37: 22.1 | H37: 1
A39: ZONA 2 - Resto de países, excepto destinos de la Zona 3
A40: Hasta 20g. Normalizada | B40: 2.1 | C40: 0 | D40: 2.1 | E40: 1 | H40: 1
A41: Hasta 50g. | B41: 2.6 | C41: 0 | D41: 2.6 | H41: 1
A42: Hasta 100g. | B42: 4.3 | C42: 0 | D42: 4.3 | H42: 1
A43: Hasta 500g. | B43: 11.08 | C43: 0 | D43: 11.08 | H43: 1
A44: Hasta 1kg. | B44: 22.3 | C44: 0 | D44: 22.3 | H44: 1
A45: Hasta 2Kg. | B45: 38.4 | C45: 0 | D45: 38.4 | H45: 1
A47: ZONA 3 - EEUU, Canadá, Japón, Australia y Nueva Zelanda
A48: Hasta 20g. Normalizada | B48: 2.67 | C48: 0 | D48: 2.67 | H48: 1
A49: Hasta 50g. | B49: 3 | C49: 0 | D49: 3 | H49: 1
A50: Hasta 100g. | B50: 5 | C50: 0 | D50: 5 | H50: 1
A51: Hasta 500g. | B51: 11.08 | C51: 0 | D51: 11.08 | H51: 1
A52: Hasta 1kg. | B52: 22.3 | C52: 0 | D52: 22.3 | H52: 1
A53: Hasta 2Kg. | B53: 38.4 | C53: 0 | D53: 38.4 | H53: 1
A58: CARTAS URGENTES
A59: URGENTES
A61: Estatales | H61: 1
A62: Hasta 20g. Normalizada | B62: 6.7 | C62: 0 | D62: 6.7 | H62: 1
A63: Hasta 50g. | B63: 6.89 | C63: 0 | D63: 6.89 | H63: 1
A64: Hasta 100g. | B64: 7.49 | C64: 0 | D64: 7.49 | H64: 1
A65: Hasta 500g. | B65: 9.44 | C65: 0 | D65: 9.44 | H65: 1
A67: CARTAS CERTIFICADAS
A68: NACIONALES
A70: Local
A71: Hasta 20g. Normalizada | B71: 5.74 | C71: 0.6336 | D71: =B71-(B71*C71) -> 2.1031 | H71: 1
A72: Hasta 50g. | B72: 5.93 | C72: 0.624 | D72: =B72-(B72*C72) -> 2.2297 | H72: 1
A73: Hasta 100g. | B73: 6.53 | C73: 0.6155 | D73: =B73-(B73*C73) -> 2.5108 | H73: 1
A74: Hasta 500g. | B74: 8.48 | C74: 0.5926 | D74: =B74-(B74*C74) -> 3.4548 | H74: 1
A75: Hasta 1kg. | B75: 11.68 | C75: 0.5567 | D75: =B75-(B75*C75) -> 5.1777 | H75: 1
A76: Hasta 2Kg. | B76: 12.28 | C76: 0.5409 | D76: =B76-(B76*C76) -> 5.6377 | H76: 1
A78: Interurbano 1
A79: Hasta 20g. Normalizada | B79: 5.74 | C79: 0.6336 | D79: =B79-(B79*C79) -> 2.1031 | H79: 1
A80: Hasta 50g. | B80: 5.93 | C80: 0.624 | D80: =B80-(B80*C80) -> 2.2297 | H80: 1
A81: Hasta 100g. | B81: 6.53 | C81: 0.6155 | D81: =B81-(B81*C81) -> 2.5108 | H81: 1
A82: Hasta 500g. | B82: 8.48 | C82: 0.5926 | D82: =B82-(B82*C82) -> 3.4548 | H82: 1
A83: Hasta 1kg. | B83: 11.68 | C83: 0.5567 | D83: =B83-(B83*C83) -> 5.1777 | H83: 1
A84: Hasta 2Kg. | B84: 12.28 | C84: 0.5409 | D84: =B84-(B84*C84) -> 5.6377 | H84: 1
A86: Interurbano 2
A87: Hasta 20g. Normalizada | B87: 5.74 | C87: 0.6336 | D87: =B87-(B87*C87) -> 2.1031 | H87: 1
A88: Hasta 50g. | B88: 5.93 | C88: 0.624 | D88: =B88-(B88*C88) -> 2.2297 | H88: 1
A89: Hasta 100g. | B89: 6.53 | C89: 0.6155 | D89: =B89-(B89*C89) -> 2.5108 | H89: 1
A90: Hasta 500g. | B90: 8.48 | C90: 0.5926 | D90: =B90-(B90*C90) -> 3.4548 | H90: 1
A91: Hasta 1kg. | B91: 11.68 | C91: 0.5567 | D91: =B91-(B91*C91) -> 5.1777 | H91: 1
A92: Hasta 2Kg. | B92: 12.28 | C92: 0.5409 | D92: =B92-(B92*C92) -> 5.6377 | H92: 1
H93: 1
A95: CERTIFICADOS INTERNACIONALES
A96: ZONA 1 - Europa incluido Groenlandia
A97: Hasta 20g. Normalizada | B97: 7.15 | C97: 0 | D97: =B97-(B97*C97) -> 7.15 | H97: 1
A98: Hasta 50g. | B98: 7.45 | C98: 0 | D98: =B98-(B98*C98) -> 7.45 | H98: 1
A99: Hasta 100g. | B99: 8.25 | C99: 0 | D99: =B99-(B99*C99) -> 8.25 | H99: 1
A100: Hasta 500g. | B100: 12.55 | C100: 0 | D100: =B100-(B100*C100) -> 12.55 | H100: 1
A101: Hasta 1kg. | B101: 19.15 | C101: 0 | D101: =B101-(B101*C101) -> 19.15 | H101: 1
A102: Hasta 2Kg. | B102: 27.25 | C102: 0 | D102: =B102-(B102*C102) -> 27.25 | H102: 1
A104: ZONA 2 - Resto de países, excepto destinos de la Zona 3
A105: Hasta 20g. Normalizada | B105: 7.25 | C105: 0 | D105: =B105-(B105*C105) -> 7.25 | H105: 1
A106: Hasta 50g. | B106: 7.75 | C106: 0 | D106: =B106-(B106*C106) -> 7.75 | H106: 1
A107: Hasta 100g. | B107: 9.45 | C107: 0 | D107: =B107-(B107*C107) -> 9.45 | H107: 1
A108: Hasta 500g. | B108: 16.23 | C108: 0 | D108: =B108-(B108*C108) -> 16.23 | H108: 1
A109: Hasta 1kg. | B109: 27.45 | C109: 0 | D109: =B109-(B109*C109) -> 27.45 | H109: 1
A110: Hasta 2Kg. | B110: 43.55 | C110: 0 | D110: =B110-(B110*C110) -> 43.55 | H110: 1
A112: ZONA 3 - EEUU, Canadá, Japón, Australia y Nueva Zelanda
A113: Hasta 20g. Normalizada | B113: 7.8 | C113: 0 | D113: =B113-(B113*C113) -> 7.8 | H113: 1
A114: Hasta 50g. | B114: 8.15 | C114: 0 | D114: =B114-(B114*C114) -> 8.15 | H114: 1
A115: Hasta 100g. | B115: 10.15 | C115: 0 | D115: =B115-(B115*C115) -> 10.15 | H115: 1
A116: Hasta 500g. | B116: 16.23 | C116: 0 | D116: =B116-(B116*C116) -> 16.23 | H116: 1
A117: Hasta 1kg. | B117: 27.45 | C117: 0 | D117: =B117-(B117*C117) -> 27.45 | H117: 1
A118: Hasta 2Kg. | B118: 43.55 | C118: 0 | D118: =B118-(B118*C118) -> 43.55 | H118: 1
A120: SERVICIOS ADICIONALES
...

Sheet Lote 1 2021
A1: LOTE 1
A2: Típo de envío | B2: Número de envíos | C2: Precio máximo sin IVA | D2: Descuento ofertado en % | E2: Precio resultante sin IVA | F2: Total (envíos x precio resultante)
A3: CARTAS ORDINARIAS
A4: Local
A5: Hasta 20g. Normalizada | B5: 706343 | C5: 0.7
A6: Hasta 50g. | B6: 3985 | C6: 0.8
A7: Hasta 100g. | B7: 39 | C7: 1.25
A8: Hasta 500g. | B8: 34 | C8: 2.5
A9: Hasta 1kg. | B9: 1 | C9: 5.15
A10: Hasta 2Kg. | B10: 1 | C10: 5.6
A12: Interurbano 1
A13: Hasta 20g. Normalizada | B13: 345815 | C13: 0.7
A14: Hasta 50g. | B14: 2391 | C14: 0.8
A15: Hasta 100g. | B15: 21 | C15: 1.25
A16: Hasta 500g. | B16: 14 | C16: 2.5
A17: Hasta 1kg. | B17: 1 | C17: 5.15
A18: Hasta 2Kg. | B18: 1 | C18: 5.6
A20: Interurbano 2
A21: Hasta 20g. Normalizada | B21: 1195839 | C21: 0.7
A22: Hasta 50g. | B22: 7881 | C22: 0.8
A23: Hasta 100g. | B23: 90 | C23: 1.25
A24: Hasta 500g. | B24: 34 | C24: 2.5
A25: Hasta 1kg. | B25: 4 | C25: 5.15
A26: Hasta 2Kg. | B26: 1 | C26: 5.6
A29: INTERNACIONALES
A31: ZONA 1 - Europa incluido Groenlandia
A32: Hasta 20g. Normalizada | B32: 31 | C32: 1.5
A33: Hasta 50g. | B33: 1 | C33: 1.8
A34: Hasta 100g. | B34: 1 | C34: 2.6
A35: Hasta 500g. | B35: 1 | C35: 6.8
A36: Hasta 1kg. | B36: 1 | C36: 13.2
A37: Hasta 2Kg. | B37: 1 | C37: 21.1
A39: ZONA 2 - Resto de países, excepto destinos de la Zona 3
A40: Hasta 20g. Normalizada | B40: 3 | C40: 1.6
A41: Hasta 50g. | B41: 1 | C41: 2.1
A42: Hasta 100g. | B42: 1 | C42: 3.6
A43: Hasta 500g. | B43: 1 | C43: 10.45
A44: Hasta 1kg. | B44: 1 | C44: 21.55
A45: Hasta 2Kg. | B45: 1 | C45: 37.6
A47: ZONA 3 - EEUU, Canadá, Japón, Australia y Nueva Zelanda
A48: Hasta 20g. Normalizada | B48: 3 | C48: 1.9
A49: Hasta 50g. | B49: 1 | C49: 2.4
A50: Hasta 100g. | B50: 1 | C50: 4
A51: Hasta 500g. | B51: 1 | C51: 10.45
A52: Hasta 1kg. | B52: 1 | C52: 21.55
A53: Hasta 2Kg. | B53: 1 | C53: 37.6
A55: CARTAS URGENTES
A56: URGENTES
A58: Estatales
A59: Hasta 20g. Normalizada | B59: 3 | C59: 3.39
A60: Hasta 50g. | B60: 1 | C60: 3.49
A61: Hasta 100g. | B61: 1 | C61: 3.92
A62: Hasta 500g. | B62: 1 | C62: 5.27
A64: CARTAS CERTIFICADAS
A65: NACIONALES
A67: Local
A68: Hasta 20g. Normalizada | B68: 31098 | C68: 4.15
A69: Hasta 50g. | B69: 6 | C69: 4.25
A70: Hasta 100g. | B70: 1 | C70: 4.7
A71: Hasta 500g. | B71: 8 | C71: 5.95
A72: Hasta 1kg. | B72: 16 | C72: 8.6
A73: Hasta 2Kg. | B73: 12 | C73: 9.05
A75: Interurbano 1
A76: Hasta 20g. Normalizada | B76: 11939 | C76: 4.15
A77: Hasta 50g. | B77: 7 | C77: 4.25
A78: Hasta 100g. | B78: 1 | C78: 4.7
A79: Hasta 500g. | B79: 12 | C79: 5.95
A80: Hasta 1kg. | B80: 6 | C80: 8.6
A81: Hasta 2Kg. | B81: 6 | C81: 9.05
A83: Interurbano 2
A84: Hasta 20g. Normalizada | B84: 40396 | C84: 4.15
A85: Hasta 50g. | B85: 17 | C85: 4.25
A86: Hasta 100g. | B86: 1 | C86: 4.7
A87: Hasta 500g. | B87: 31 | C87: 5.95
A88: Hasta 1kg. | B88: 21 | C88: 8.6
A89: Hasta 2Kg. | B89: 29 | C89: 9.05
A92: CERTIFICADOS INTERNACIONALES
A93: ZONA 1 - Europa incluido Groenlandia
A94: Hasta 20g. Normalizada | B94: 1 | C94: 5.8
A95: Hasta 50g. | B95: 1 | C95: 6.1
A96: Hasta 100g. | B96: 1 | C96: 6.9
A97: Hasta 500g. | B97: 1 | C97: 11.1
A98: Hasta 1kg. | B98: 1 | C98: 17.5
A99: Hasta 2Kg. | B99: 1 | C99: 25.4
A101: ZONA 2 - Resto de países, excepto destinos de la Zona 3
A102: Hasta 20g. Normalizada | B102: 3 | C102: 5.9
A103: Hasta 50g. | B103: 1 | C103: 6.4
A104: Hasta 100g. | B104: 1 | C104: 7.9
A105: Hasta 500g. | B105: 1 | C105: 14.75
A106: Hasta 1kg. | B106: 1 | C106: 25.85
A107: Hasta 2Kg. | B107: 1 | C107: 41.9
A109: ZONA 3 - EEUU, Canadá, Japón, Australia y Nueva Zelanda
A110: Hasta 20g. Normalizada | B110: 3 | C110: 6.2
A111: Hasta 50g. | B111: 1 | C111: 6.7
A112: Hasta 100g. | B112: 1 | C112: 8.3
A113: Hasta 500g. | B113: 1 | C113: 14.75
A114: Hasta 1kg. | B114: 1 | C114: 25.85
A115: Hasta 2Kg. | B115: 1 | C115: 41.9
A117: SERVICIOS ADICIONALES
A119: SERVICIOS
...

Sheet Lote 1 2026
A1: LOTE 1 | G1: 1.055
A2: Típo de envío | B2: Número de envíos | C2: Precio máximo sin IVA | D2: Descuento ofertado en % | E2: Precio resultante sin IVA | F2: Total (envíos x precio resultante) | G2: Precios para oferta máxima | H2: oferta máx
A3: CARTAS ORDINARIAS
A4: Local
A5: Hasta 20g. Normalizada | B5: ='Lote 1'!F5 -> 670746 | C5: ='Lote 1'!B5 -> 0.96 | E5: =C5*(1-D5) -> 0.96 | F5: =E5*B5 -> 643916.16 | G5: ='Lote 1'!D5*'Lote 1 2026'!$G$1 -> 0.29 | H5: =B5*G5 -> 194516.34
A6: Hasta 50g. | B6: ='Lote 1'!F6 -> 4312 | C6: ='Lote 1'!B6 -> 1.15 | E6: =C6*(1-D6) -> 1.15 | F6: =E6*B6 -> 4958.8 | G6: ='Lote 1'!D6*'Lote 1 2026'!$G$1 -> 0.43 | H6: =B6*G6 -> 1854.16
A7: Hasta 100g. | B7: ='Lote 1'!F7 -> 6 | C7: ='Lote 1'!B7 -> 1.75 | E7: =C7*(1-D7) -> 1.75 | F7: =E7*B7 -> 10.5 | G7: ='Lote 1'!D7*'Lote 1 2026'!$G$1 -> 0.65 | H7: =B7*G7 -> 3.9
A8: Hasta 500g. | B8: ='Lote 1'!F8 -> 8 | C8: ='Lote 1'!B8 -> 3.7 | E8: =C8*(1-D8) -> 3.7 | F8: =E8*B8 -> 29.6 | G8: ='Lote 1'!D8*'Lote 1 2026'!$G$1 -> 1.7 | H8: =B8*G8 -> 13.6
A9: Hasta 1kg. | B9: 1 | C9: ='Lote 1'!B9 -> 6.9 | E9: =C9*(1-D9) -> 6.9 | F9: =E9*B9 -> 6.9 | G9: ='Lote 1'!D9*'Lote 1 2026'!$G$1 -> 3.5 | H9: =B9*G9 -> 3.5
A10: Hasta 2Kg. | B10: 1 | C10: ='Lote 1'!B10 -> 7.45 | E10: =C10*(1-D10) -> 7.45 | F10: =E10*B10 -> 7.45 | G10: ='Lote 1'!D10*'Lote 1 2026'!$G$1 -> 4.05 | H10: =B10*G10 -> 4.05
G11: ='Lote 1'!D11*'Lote 1 2026'!$G$1 -> 0 | H11: =B11*G11 -> 0
A12: Interurbano 1 | G12: ='Lote 1'!D12*'Lote 1 2026'!$G$1 -> 0 | H12: =B12*G12 -> 0
A13: Hasta 20g. Normalizada | B13: ='Lote 1'!F13 -> 331931 | C13: ='Lote 1'!B13 -> 0.96 | E13: =C13*(1-D13) -> 0.96 | F13: =E13*B13 -> 318653.76 | G13: ='Lote 1'!D13*'Lote 1 2026'!$G$1 -> 0.38 | H13: =B13*G13 -> 126133.78
A14: Hasta 50g. | B14: ='Lote 1'!F14 -> 2400 | C14: ='Lote 1'!B14 -> 1.15 | E14: =C14*(1-D14) -> 1.15 | F14: =E14*B14 -> 2760 | G14: ='Lote 1'!D14*'Lote 1 2026'!$G$1 -> 0.55 | H14: =B14*G14 -> 1320
A15: Hasta 100g. | B15: 1 | C15: ='Lote 1'!B15 -> 1.75 | E15: =C15*(1-D15) -> 1.75 | F15: =E15*B15 -> 1.75 | G15: ='Lote 1'!D15*'Lote 1 2026'!$G$1 -> 0.86 | H15: =B15*G15 -> 0.86
A16: Hasta 500g. | B16: 1 | C16: ='Lote 1'!B16 -> 3.7 | E16: =C16*(1-D16) -> 3.7 | F16: =E16*B16 -> 3.7 | G16: ='Lote 1'!D16*'Lote 1 2026'!$G$1 -> 2.2 | H16: =B16*G16 -> 2.2
A17: Hasta 1kg. | B17: 1 | C17: ='Lote 1'!B17 -> 6.9 | E17: =C17*(1-D17) -> 6.9 | F17: =E17*B17 -> 6.9 | G17: ='Lote 1'!D17*'Lote 1 2026'!$G$1 -> 4.5 | H17: =B17*G17 -> 4.5
A18: Hasta 2Kg. | B18: 1 | C18: ='Lote 1'!B18 -> 7.45 | E18: =C18*(1-D18) -> 7.45 | F18: =E18*B18 -> 7.45 | G18: ='Lote 1'!D18*'Lote 1 2026'!$G$1 -> 5.21 | H18: =B18*G18 -> 5.21
G19: ='Lote 1'!D19*'Lote 1 2026'!$G$1 -> 0 | H19: =B19*G19 -> 0
A20: Interurbano 2 | G20: ='Lote 1'!D20*'Lote 1 2026'!$G$1 -> 0 | H20: =B20*G20 -> 0
A21: Hasta 20g. Normalizada | B21: ='Lote 1'!F21 -> 1211315 | C21: ='Lote 1'!B21 -> 0.96 | E21: =C21*(1-D21) -> 0.96 | F21: =E21*B21 -> 1162862.4 | G21: ='Lote 1'!D21*'Lote 1 2026'!$G$1 -> 0.41 | H21: =B21*G21 -> 496639.15
A22: Hasta 50g. | B22: ='Lote 1'!F22 -> 8199 | C22: ='Lote 1'!B22 -> 1.15 | E22: =C22*(1-D22) -> 1.15 | F22: =E22*B22 -> 9428.85 | G22: ='Lote 1'!D22*'Lote 1 2026'!$G$1 -> 0.6 | H22: =B22*G22 -> 4919.4
A23: Hasta 100g. | B23: 90 | C23: ='Lote 1'!B23 -> 1.75 | E23: =C23*(1-D23) -> 1.75 | F23: =E23*B23 -> 157.5 | G23: ='Lote 1'!D23*'Lote 1 2026'!$G$1 -> 0.94 | H23: =B23*G23 -> 84.6
A24: Hasta 500g. | B24: 34 | C24: ='Lote 1'!B24 -> 3.7 | E24: =C24*(1-D24) -> 3.7 | F24: =E24*B24 -> 125.8 | G24: ='Lote 1'!D24*'Lote 1 2026'!$G$1 -> 2.46 | H24: =B24*G24 -> 83.64
A25: Hasta 1kg. | B25: 4 | C25: ='Lote 1'!B25 -> 6.9 | E25: =C25*(1-D25) -> 6.9 | F25: =E25*B25 -> 27.6 | G25: ='Lote 1'!D25*'Lote 1 2026'!$G$1 -> 5 | H25: =B25*G25 -> 20
A26: Hasta 2Kg. | B26: 1 | C26: ='Lote 1'!B26 -> 7.45 | E26: =C26*(1-D26) -> 7.45 | F26: =E26*B26 -> 7.45 | G26: ='Lote 1'!D26*'Lote 1 2026'!$G$1 -> 5.77 | H26: =B26*G26 -> 5.77
G27: ='Lote 1'!D27*'Lote 1 2026'!$G$1 -> 0 | H27: =B27*G27 -> 0
G28: ='Lote 1'!D28*'Lote 1 2026'!$G$1 -> 0 | H28: =B28*G28 -> 0
A29: INTERNACIONALES | G29: ='Lote 1'!D29*'Lote 1 2026'!$G$1 -> 0 | H29: =B29*G29 -> 0
G30: ='Lote 1'!D30*'Lote 1 2026'!$G$1 -> 0 | H30: =B30*G30 -> 0
A31: ZONA 1 - Europa incluido Groenlandia | G31: ='Lote 1'!D31*'Lote 1 2026'!$G$1 -> 0 | H31: =B31*G31 -> 0
A32: Hasta 20g. Normalizada | B32: 31 | C32: ='Lote 1'!B32 -> 2 | E32: =C32*(1-D32) -> 2 | F32: =E32*B32 -> 62 | G32: ='Lote 1'!D32*'Lote 1 2026'!$G$1 -> 2.11 | H32: =B32*G32 -> 65.41
A33: Hasta 50g. | B33: 1 | C33: ='Lote 1'!B33 -> 2.3 | E33: =C33*(1-D33) -> 2.3 | F33: =E33*B33 -> 2.3 | G33: ='Lote 1'!D33*'Lote 1 2026'!$G$1 -> 2.43 | H33: =B33*G33 -> 2.43
A34: Hasta 100g. | B34: 1 | C34: ='Lote 1'!B34 -> 3.1 | E34: =C34*(1-D34) -> 3.1 | F34: =E34*B34 -> 3.1 | G34: ='Lote 1'!D34*'Lote 1 2026'!$G$1 -> 3.27 | H34: =B34*G34 -> 3.27
A35: Hasta 500g. | B35: 1 | C35: ='Lote 1'!B35 -> 7.4 | E35: =C35*(1-D35) -> 7.4 | F35: =E35*B35 -> 7.4 | G35: ='Lote 1'!D35*'Lote 1 2026'!$G$1 -> 7.81 | H35: =B35*G35 -> 7.81
A36: Hasta 1kg. | B36: 1 | C36: ='Lote 1'!B36 -> 14 | E36: =C36*(1-D36) -> 14 | F36: =E36*B36 -> 14 | G36: ='Lote 1'!D36*'Lote 1 2026'!$G$1 -> 14.77 | H36: =B36*G36 -> 14.77
A37: Hasta 2Kg. | B37: 1 | C37: ='Lote 1'!B37 -> 22.1 | E37: =C37*(1-D37) -> 22.1 | F37: =E37*B37 -> 22.1 | G37: ='Lote 1'!D37*'Lote 1 2026'!$G$1 -> 23.32 | H37: =B37*G37 -> 23.32
G38: ='Lote 1'!D38*'Lote 1 2026'!$G$1 -> 0 | H38: =B38*G38 -> 0
A39: ZONA 2 - Resto de países, excepto destinos de la Zona 3 | G39: ='Lote 1'!D39*'Lote 1 2026'!$G$1 -> 0 | H39: =B39*G39 -> 0
A40: Hasta 20g. Normalizada | B40: 3 | C40: ='Lote 1'!B40 -> 2.1 | E40: =C40*(1-D40) -> 2.1 | F40: =E40*B40 -> 6.3 | G40: ='Lote 1'!D40*'Lote 1 2026'!$G$1 -> 2.22 | H40: =B40*G40 -> 6.66
A41: Hasta 50g. | B41: 1 | C41: ='Lote 1'!B41 -> 2.6 | E41: =C41*(1-D41) -> 2.6 | F41: =E41*B41 -> 2.6 | G41: ='Lote 1'!D41*'Lote 1 2026'!$G$1 -> 2.74 | H41: =B41*G41 -> 2.74
A42: Hasta 100g. | B42: 1 | C42: ='Lote 1'!B42 -> 4.3 | E42: =C42*(1-D42) -> 4.3 | F42: =E42*B42 -> 4.3 | G42: ='Lote 1'!D42*'Lote 1 2026'!$G$1 -> 4.54 | H42: =B42*G42 -> 4.54
A43: Hasta 500g. | B43: 1 | C43: ='Lote 1'!B43 -> 11.08 | E43: =C43*(1-D43) -> 11.08 | F43: =E43*B43 -> 11.08 | G43: ='Lote 1'!D43*'Lote 1 2026'!$G$1 -> 11.69 | H43: =B43*G43 -> 11.69
A44: Hasta 1kg. | B44: 1 | C44: ='Lote 1'!B44 -> 22.3 | E44: =C44*(1-D44) -> 22.3 | F44: =E44*B44 -> 22.3 | G44: ='Lote 1'!D44*'Lote 1 2026'!$G$1 -> 23.53 | H44: =B44*G44 -> 23.53
A45: Hasta 2Kg. | B45: 1 | C45: ='Lote 1'!B45 -> 38.4 | E45: =C45*(1-D45) -> 38.4 | F45: =E45*B45 -> 38.4 | G45: ='Lote 1'!D45*'Lote 1 2026'!$G$1 -> 40.51 | H45: =B45*G45 -> 40.51
G46: ='Lote 1'!D46*'Lote 1 2026'!$G$1 -> 0 | H46: =B46*G46 -> 0
A47: ZONA 3 - EEUU, Canadá, Japón, Australia y Nueva Zelanda | G47: ='Lote 1'!D47*'Lote 1 2026'!$G$1 -> 0 | H47: =B47*G47 -> 0
A48: Hasta 20g. Normalizada | B48: 3 | C48: ='Lote 1'!B48 -> 2.67 | E48: =C48*(1-D48) -> 2.67 | F48: =E48*B48 -> 8.01 | G48: ='Lote 1'!D48*'Lote 1 2026'!$G$1 -> 2.82 | H48: =B48*G48 -> 8.46
A49: Hasta 50g. | B49: 1 | C49: ='Lote 1'!B49 -> 3 | E49: =C49*(1-D49) -> 3 | F49: =E49*B49 -> 3 | G49: ='Lote 1'!D49*'Lote 1 2026'!$G$1 -> 3.17 | H49: =B49*G49 -> 3.17
A50: Hasta 100g. | B50: 1 | C50: ='Lote 1'!B50 -> 5 | E50: =C50*(1-D50) -> 5 | F50: =E50*B50 -> 5 | G50: ='Lote 1'!D50*'Lote 1 2026'!$G$1 -> 5.28 | H50: =B50*G50 -> 5.28
A51: Hasta 500g. | B51: 1 | C51: ='Lote 1'!B51 -> 11.08 | E51: =C51*(1-D51) -> 11.08 | F51: =E51*B51 -> 11.08 | G51: ='Lote 1'!D51*'Lote 1 2026'!$G$1 -> 11.69 | H51: =B51*G51 -> 11.69
A52: Hasta 1kg. | B52: 1 | C52: ='Lote 1'!B52 -> 22.3 | E52: =C52*(1-D52) -> 22.3 | F52: =E52*B52 -> 22.3 | G52: ='Lote 1'!D52*'Lote 1 2026'!$G$1 -> 23.53 | H52: =B52*G52 -> 23.53
A53: Hasta 2Kg. | B53: 1 | C53: ='Lote 1'!B53 -> 38.4 | E53: =C53*(1-D53) -> 38.4 | F53: =E53*B53 -> 38.4 | G53: ='Lote 1'!D53*'Lote 1 2026'!$G$1 -> 40.51 | H53: =B53*G53 -> 40.51
G54: ='Lote 1'!D54*'Lote 1 2026'!$G$1 -> 0 | H54: =B54*G54 -> 0
A55: CARTAS URGENTES | G55: ='Lote 1'!D55*'Lote 1 2026'!$G$1 -> 0 | H55: =B55*G55 -> 0
A56: URGENTES | G56: ='Lote 1'!D56*'Lote 1 2026'!$G$1 -> 0 | H56: =B56*G56 -> 0
G57: ='Lote 1'!D57*'Lote 1 2026'!$G$1 -> 0 | H57: =B57*G57 -> 0
A58: Estatales | G58: ='Lote 1'!D58*'Lote 1 2026'!$G$1 -> 0 | H58: =B58*G58 -> 0
A59: Hasta 20g. Normalizada | B59: 3 | C59: ='Lote 1'!B62 -> 6.7 | E59: =C59*(1-D59) -> 6.7 | F59: =E59*B59 -> 20.1 | G59: ='Lote 1'!D62*'Lote 1 2026'!$G$1 -> 7.07 | H59: =B59*G59 -> 21.21
A60: Hasta 50g. | B60: 1 | C60: ='Lote 1'!B63 -> 6.89 | E60: =C60*(1-D60) -> 6.89 | F60: =E60*B60 -> 6.89 | G60: ='Lote 1'!D63*'Lote 1 2026'!$G$1 -> 7.27 | H60: =B60*G60 -> 7.27
A61: Hasta 100g. | B61: 1 | C61: ='Lote 1'!B64 -> 7.49 | E61: =C61*(1-D61) -> 7.49 | F61: =E61*B61 -> 7.49 | G61: ='Lote 1'!D64*'Lote 1 2026'!$G$1 -> 7.9 | H61: =B61*G61 -> 7.9
A62: Hasta 500g. | B62: 1 | C62: ='Lote 1'!B65 -> 9.44 | E62: =C62*(1-D62) -> 9.44 | F62: =E62*B62 -> 9.44 | G62: ='Lote 1'!D65*'Lote 1 2026'!$G$1 -> 9.96 | H62: =B62*G62 -> 9.96
G63: ='Lote 1'!D66*'Lote 1 2026'!$G$1 -> 0 | H63: =B63*G63 -> 0
A64: CARTAS CERTIFICADAS | G64: ='Lote 1'!D67*'Lote 1 2026'!$G$1 -> 0 | H64: =B64*G64 -> 0
A65: NACIONALES | G65: ='Lote 1'!D68*'Lote 1 2026'!$G$1 -> 0 | H65: =B65*G65 -> 0
G66: ='Lote 1'!D69*'Lote 1 2026'!$G$1 -> 0 | H66: =B66*G66 -> 0
A67: Local | G67: ='Lote 1'!D70*'Lote 1 2026'!$G$1 -> 0 | H67: =B67*G67 -> 0
A68: Hasta 20g. Normalizada | B68: 23100 | C68: ='Lote 1'!B71 -> 5.74 | E68: =C68*(1-D68) -> 5.74 | F68: =E68*B68 -> 132594 | G68: ='Lote 1'!D71*'Lote 1 2026'!$G$1 -> 2.22 | H68: =B68*G68 -> 51282
A69: Hasta 50g. | B69: 6 | C69: ='Lote 1'!B72 -> 5.93 | E69: =C69*(1-D69) -> 5.93 | F69: =E69*B69 -> 35.58 | G69: ='Lote 1'!D72*'Lote 1 2026'!$G$1 -> 2.35 | H69: =B69*G69 -> 14.1
A70: Hasta 100g. | B70: 1 | C70: ='Lote 1'!B73 -> 6.53 | E70: =C70*(1-D70) -> 6.53 | F70: =E70*B70 -> 6.53 | G70: ='Lote 1'!D73*'Lote 1 2026'!$G$1 -> 2.65 | H70: =B70*G70 -> 2.65
A71: Hasta 500g. | B71: 8 | C71: ='Lote 1'!B74 -> 8.48 | E71: =C71*(1-D71) -> 8.48 | F71: =E71*B71 -> 67.84 | G71: ='Lote 1'!D74*'Lote 1 2026'!$G$1 -> 3.64 | H71: =B71*G71 -> 29.12
A72: Hasta 1kg. | B72: 16 | C72: ='Lote 1'!B75 -> 11.68 | E72: =C72*(1-D72) -> 11.68 | F72: =E72*B72 -> 186.88 | G72: ='Lote 1'!D75*'Lote 1 2026'!$G$1 -> 5.46 | H72: =B72*G72 -> 87.36
A73: Hasta 2Kg. | B73: 12 | C73: ='Lote 1'!B76 -> 12.28 | E73: =C73*(1-D73) -> 12.28 | F73: =E73*B73 -> 147.36 | G73: ='Lote 1'!D76*'Lote 1 2026'!$G$1 -> 5.95 | H73: =B73*G73 -> 71.4
G74: ='Lote 1'!D77*'Lote 1 2026'!$G$1 -> 0 | H74: =B74*G74 -> 0
A75: Interurbano 1 | G75: ='Lote 1'!D78*'Lote 1 2026'!$G$1 -> 0 | H75: =B75*G75 -> 0
A76: Hasta 20g. Normalizada | B76: 11939 | C76: ='Lote 1'!B79 -> 5.74 | E76: =C76*(1-D76) -> 5.74 | F76: =E76*B76 -> 68529.86 | G76: ='Lote 1'!D79*'Lote 1 2026'!$G$1 -> 2.22 | H76: =B76*G76 -> 26504.58
A77: Hasta 50g. | B77: 7 | C77: ='Lote 1'!B80 -> 5.93 | E77: =C77*(1-D77) -> 5.93 | F77: =E77*B77 -> 41.51 | G77: ='Lote 1'!D80*'Lote 1 2026'!$G$1 -> 2.35 | H77: =B77*G77 -> 16.45
A78: Hasta 100g. | B78: 1 | C78: ='Lote 1'!B81 -> 6.53 | E78: =C78*(1-D78) -> 6.53 | F78: =E78*B78 -> 6.53 | G78: ='Lote 1'!D81*'Lote 1 2026'!$G$1 -> 2.65 | H78: =B78*G78 -> 2.65
A79: Hasta 500g. | B79: 12 | C79: ='Lote 1'!B82 -> 8.48 | E79: =C79*(1-D79) -> 8.48 | F79: =E79*B79 -> 101.76 | G79: ='Lote 1'!D82*'Lote 1 2026'!$G$1 -> 3.64 | H79: =B79*G79 -> 43.68
A80: Hasta 1kg. | B80: 6 | C80: ='Lote 1'!B83 -> 11.68 | E80: =C80*(1-D80) -> 11.68 | F80: =E80*B80 -> 70.08 | G80: ='Lote 1'!D83*'Lote 1 2026'!$G$1 -> 5.46 | H80: =B80*G80 -> 32.76
A81: Hasta 2Kg. | B81: 6 | C81: ='Lote 1'!B84 -> 12.28 | E81: =C81*(1-D81) -> 12.28 | F81: =E81*B81 -> 73.68 | G81: ='Lote 1'!D84*'Lote 1 2026'!$G$1 -> 5.95 | H81: =B81*G81 -> 35.7
G82: ='Lote 1'!D85*'Lote 1 2026'!$G$1 -> 0 | H82: =B82*G82 -> 0
A83: Interurbano 2 | G83: ='Lote 1'!D86*'Lote 1 2026'!$G$1 -> 0 | H83: =B83*G83 -> 0
A84: Hasta 20g. Normalizada | B84: 32400 | C84: ='Lote 1'!B87 -> 5.74 | E84: =C84*(1-D84) -> 5.74 | F84: =E84*B84 -> 185976 | G84: ='Lote 1'!D87*'Lote 1 2026'!$G$1 -> 2.22 | H84: =B84*G84 -> 71928
A85: Hasta 50g. | B85: 17 | C85: ='Lote 1'!B88 -> 5.93 | E85: =C85*(1-D85) -> 5.93 | F85: =E85*B85 -> 100.81 | G85: ='Lote 1'!D88*'Lote 1 2026'!$G$1 -> 2.35 | H85: =B85*G85 -> 39.95
A86: Hasta 100g. | B86: 1 | C86: ='Lote 1'!B89 -> 6.53 | E86: =C86*(1-D86) -> 6.53 | F86: =E86*B86 -> 6.53 | G86: ='Lote 1'!D89*'Lote 1 2026'!$G$1 -> 2.65 | H86: =B86*G86 -> 2.65
A87: Hasta 500g. | B87: 31 | C87: ='Lote 1'!B90 -> 8.48 | E87: =C87*(1-D87) -> 8.48 | F87: =E87*B87 -> 262.88 | G87: ='Lote 1'!D90*'Lote 1 2026'!$G$1 -> 3.64 | H87: =B87*G87 -> 112.84
A88: Hasta 1kg. | B88: 21 | C88: ='Lote 1'!B91 -> 11.68 | E88: =C88*(1-D88) -> 11.68 | F88: =E88*B88 -> 245.28 | G88: ='Lote 1'!D91*'Lote 1 2026'!$G$1 -> 5.46 | H88: =B88*G88 -> 114.66
A89: Hasta 2Kg. | B89: 29 | C89: ='Lote 1'!B92 -> 12.28 | E89: =C89*(1-D89) -> 12.28 | F89: =E89*B89 -> 356.12 | G89: ='Lote 1'!D92*'Lote 1 2026'!$G$1 -> 5.95 | H89: =B89*G89 -> 172.55
G90: ='Lote 1'!D93*'Lote 1 2026'!$G$1 -> 0 | H90: =B90*G90 -> 0
G91: ='Lote 1'!D94*'Lote 1 2026'!$G$1 -> 0 | H91: =B91*G91 -> 0
A92: CERTIFICADOS INTERNACIONALES | G92: ='Lote 1'!D95*'Lote 1 2026'!$G$1 -> 0 | H92: =B92*G92 -> 0
A93: ZONA 1 - Europa incluido Groenlandia | G93: ='Lote 1'!D96*'Lote 1 2026'!$G$1 -> 0 | H93: =B93*G93 -> 0
A94: Hasta 20g. Normalizada | B94: 1 | C94: ='Lote 1'!B97 -> 7.15 | E94: =C94*(1-D94) -> 7.15 | F94: =E94*B94 -> 7.15 | G94: ='Lote 1'!D97*'Lote 1 2026'!$G$1 -> 7.54 | H94: =B94*G94 -> 7.54
A95: Hasta 50g. | B95: 1 | C95: ='Lote 1'!B98 -> 7.45 | E95: =C95*(1-D95) -> 7.45 | F95: =E95*B95 -> 7.45 | G95: ='Lote 1'!D98*'Lote 1 2026'!$G$1 -> 7.86 | H95: =B95*G95 -> 7.86
A96: Hasta 100g. | B96: 1 | C96: ='Lote 1'!B99 -> 8.25 | E96: =C96*(1-D96) -> 8.25 | F96: =E96*B96 -> 8.25 | G96: ='Lote 1'!D99*'Lote 1 2026'!$G$1 -> 8.7 | H96: =B96*G96 -> 8.7
A97: Hasta 500g. | B97: 1 | C97: ='Lote 1'!B100 -> 12.55 | E97: =C97*(1-D97) -> 12.55 | F97: =E97*B97 -> 12.55 | G97: ='Lote 1'!D100*'Lote 1 2026'!$G$1 -> 13.24 | H97: =B97*G97 -> 13.24
A98: Hasta 1kg. | B98: 1 | C98: ='Lote 1'!B101 -> 19.15 | E98: =C98*(1-D98) -> 19.15 | F98: =E98*B98 -> 19.15 | G98: ='Lote 1'!D101*'Lote 1 2026'!$G$1 -> 20.2 | H98: =B98*G98 -> 20.2
A99: Hasta 2Kg. | B99: 1 | C99: ='Lote 1'!B102 -> 27.25 | E99: =C99*(1-D99) -> 27.25 | F99: =E99*B99 -> 27.25 | G99: ='Lote 1'!D102*'Lote 1 2026'!$G$1 -> 28.75 | H99: =B99*G99 -> 28.75
G100: ='Lote 1'!D103*'Lote 1 2026'!$G$1 -> 0 | H100: =B100*G100 -> 0
...

Sheet resumen lotes
C5: lote | D5: anualidad | E5: 3 años | F5: con prórrogas
C6: 1 | D6: ='Lote 1 2026'!F133 -> 1059500 | E6: =D6*3 -> 3178500 | F6: =D6*5 -> 5297500
C7: 2 | D7: ='[1]Lote 2'!$I$96 -> 144900 | E7: =D7*3 -> 434700 | F7: =D7*5 -> 724500
C8: total | D8: =SUM(D6:D7) -> 1204400 | E8: =SUM(E6:E7) -> 3613200 | F8: =SUM(F6:F7) -> 6022000
D11: 2026 | E11: 2027 | F11: 2028 | G11: 2029 | H11: 2030
C12: lote
C13: 1 | D13: 150000 | E13: =D6 -> 1059500 | F13: =D6 -> 1059500 | G13: =D6-D13 -> 909500
C14: 2 | E14: =D7-H14 -> 139900 | F14: =D7 -> 144900 | G14: =D7 -> 144900 | H14: 5000
C15: total | D15: =SUM(D13:D14) -> 150000 | E15: =SUM(E13:E14) -> 1199400 | F15: =SUM(F13:F14) -> 1204400 | G15: =SUM(G13:G14) -> 1054400 | H15: =SUM(H13:H14) -> 5000
C18: Solvencia | D18: 0.7
C19: 1 | D19: =D6*D18 -> 741650
C20: 2 | D20: =D7*D18 -> 101430

Sheet Hoja1
H2: Lote 1 Evolución del tipo de licitación
H3: 2021 | I3: 2026 | J3: Incr | N3: 2021 | O3: 2026
H4: 790000 | I4: 1059500 | J4: =(I4-H4)/H4 -> 0.3411 | M4: Número total de clientes | N4: 537195 | O4: 574420 | P4: =O4-N4 -> 37225
M5: Clientes con factura en papel | N5: =N4-N6 -> 503849 | O5: =O4-O6 -> 510295 | P5: =O5-N5 -> 6446
M6: Clientes con factura en factura electr | N6: 33346 | O6: 64125 | P6: =O6-N6 -> 30779
D7: 2021 | E7: 2025 | F7: 2026 | G7: Incr 2026/2025 | M7: Fact electrónica/total de clientes | N7: =N6/N4 -> 0.0621 | O7: =O6/O4 -> 0.1116 | P7: =O7-N7 -> 0.0495
C8: Ordinaria hasta 20g. Normalizada | D8: 0.7 | E8: 0.89 | F8: 0.96 | G8: =(F8-E8)/D8 -> 0.1
C9: Cerificada hasta 20g. Normalizada | D9: 4.15 | E9: 5.29 | F9: 5.74 | G9: =(F9-E9)/D9 -> 0.1084
H12: Lote 2 Evolución del tipo de licitación
H13: 2025 | I13: 2026 | J13: Incr
H14: 130100 | I14: ='resumen lotes'!D7 -> 144900 | J14: =(I14-H14)/H14 -> 0.1138

Sheet anexo lote 1 modelo oferta
A1: LOTE 1
A2: Típo de envío | B2: Número de envíos | C2: Precio máximo sin IVA | D2: Descuento ofertado en % | E2: Precio resultante sin IVA | F2: Total (envíos x precio resultante)
A3: CARTAS ORDINARIAS
A4: Local
A5: Hasta 20g. Normalizada | B5: 670746 | C5: 0.96
A6: Hasta 50g. | B6: 4312 | C6: 1.15
A7: Hasta 100g. | B7: 6 | C7: 1.75
A8: Hasta 500g. | B8: 8 | C8: 3.7
A9: Hasta 1kg. | B9: 1 | C9: 6.9
A10: Hasta 2Kg. | B10: 1 | C10: 7.45
A12: Interurbano 1
A13: Hasta 20g. Normalizada | B13: 331931 | C13: 0.96
A14: Hasta 50g. | B14: 2400 | C14: 1.15
A15: Hasta 100g. | B15: 1 | C15: 1.75
A16: Hasta 500g. | B16: 1 | C16: 3.7
A17: Hasta 1kg. | B17: 1 | C17: 6.9
A18: Hasta 2Kg. | B18: 1 | C18: 7.45
A20: Interurbano 2
A21: Hasta 20g. Normalizada | B21: 1211315 | C21: 0.96
A22: Hasta 50g. | B22: 8199 | C22: 1.15
A23: Hasta 100g. | B23: 90 | C23: 1.75
A24: Hasta 500g. | B24: 34 | C24: 3.7
A25: Hasta 1kg. | B25: 4 | C25: 6.9
A26: Hasta 2Kg. | B26: 1 | C26: 7.45
A29: INTERNACIONALES
A31: ZONA 1 - Europa incluido Groenlandia
A32: Hasta 20g. Normalizada | B32: 31 | C32: 2
A33: Hasta 50g. | B33: 1 | C33: 2.3
A34: Hasta 100g. | B34: 1 | C34: 3.1
A35: Hasta 500g. | B35: 1 | C35: 7.4
A36: Hasta 1kg. | B36: 1 | C36: 14
A37: Hasta 2Kg. | B37: 1 | C37: 22.1
A39: ZONA 2 - Resto de países, excepto destinos de la Zona 3
A40: Hasta 20g. Normalizada | B40: 3 | C40: 2.1
A41: Hasta 50g. | B41: 1 | C41: 2.6
A42: Hasta 100g. | B42: 1 | C42: 4.3
A43: Hasta 500g. | B43: 1 | C43: 11.08
A44: Hasta 1kg. | B44: 1 | C44: 22.3
A45: Hasta 2Kg. | B45: 1 | C45: 38.4
A47: ZONA 3 - EEUU, Canadá, Japón, Australia y Nueva Zelanda
A48: Hasta 20g. Normalizada | B48: 3 | C48: 2.67
A49: Hasta 50g. | B49: 1 | C49: 3
A50: Hasta 100g. | B50: 1 | C50: 5
A51: Hasta 500g. | B51: 1 | C51: 11.08
A52: Hasta 1kg. | B52: 1 | C52: 22.3
A53: Hasta 2Kg. | B53: 1 | C53: 38.4
A55: CARTAS URGENTES
A56: URGENTES
A58: Estatales
A59: Hasta 20g. Normalizada | B59: 3 | C59: 6.7
A60: Hasta 50g. | B60: 1 | C60: 6.89
A61: Hasta 100g. | B61: 1 | C61: 7.49
A62: Hasta 500g. | B62: 1 | C62: 9.44
A64: CARTAS CERTIFICADAS
A65: NACIONALES
A67: Local
A68: Hasta 20g. Normalizada | B68: 23100 | C68: 5.74
A69: Hasta 50g. | B69: 6 | C69: 5.93
A70: Hasta 100g. | B70: 1 | C70: 6.53
A71: Hasta 500g. | B71: 8 | C71: 8.48
A72: Hasta 1kg. | B72: 16 | C72: 11.68
A73: Hasta 2Kg. | B73: 12 | C73: 12.28
A75: Interurbano 1
A76: Hasta 20g. Normalizada | B76: 11939 | C76: 5.74
A77: Hasta 50g. | B77: 7 | C77: 5.93
A78: Hasta 100g. | B78: 1 | C78: 6.53
A79: Hasta 500g. | B79: 12 | C79: 8.48
A80: Hasta 1kg. | B80: 6 | C80: 11.68
A81: Hasta 2Kg. | B81: 6 | C81: 12.28
A83: Interurbano 2
A84: Hasta 20g. Normalizada | B84: 32400 | C84: 5.74
A85: Hasta 50g. | B85: 17 | C85: 5.93
A86: Hasta 100g. | B86: 1 | C86: 6.53
A87: Hasta 500g. | B87: 31 | C87: 8.48
A88: Hasta 1kg. | B88: 21 | C88: 11.68
A89: Hasta 2Kg. | B89: 29 | C89: 12.28
A92: CERTIFICADOS INTERNACIONALES
A93: ZONA 1 - Europa incluido Groenlandia
A94: Hasta 20g. Normalizada | B94: 1 | C94: 7.15
A95: Hasta 50g. | B95: 1 | C95: 7.45
A96: Hasta 100g. | B96: 1 | C96: 8.25
A97: Hasta 500g. | B97: 1 | C97: 12.55
A98: Hasta 1kg. | B98: 1 | C98: 19.15
A99: Hasta 2Kg. | B99: 1 | C99: 27.25
A101: ZONA 2 - Resto de países, excepto destinos de la Zona 3
A102: Hasta 20g. Normalizada | B102: 3 | C102: 7.25
A103: Hasta 50g. | B103: 1 | C103: 7.75
A104: Hasta 100g. | B104: 1 | C104: 9.45
A105: Hasta 500g. | B105: 1 | C105: 16.23
A106: Hasta 1kg. | B106: 1 | C106: 27.45
A107: Hasta 2Kg. | B107: 1 | C107: 43.55
A109: ZONA 3 - EEUU, Canadá, Japón, Australia y Nueva Zelanda
A110: Hasta 20g. Normalizada | B110: 1 | C110: 7.8
A111: Hasta 50g. | B111: 1 | C111: 8.15
A112: Hasta 100g. | B112: 1 | C112: 10.15
A113: Hasta 500g. | B113: 1 | C113: 16.23
A114: Hasta 1kg. | B114: 1 | C114: 27.45
A115: Hasta 2Kg. | B115: 1 | C115: 43.55
A117: SERVICIOS ADICIONALES
A119: SERVICIOS con acuse de recibo en papel
...
